 Dungeon Crawl Stone Soup version 0.17.0-56-gd8de76c (webtiles) character file.

7984 gorblad the Cleaver (level 11, -3/99 HPs)
             Began as a Minotaur Fighter on Dec 4, 2015.
             Was a Believer of Dithmenos.
             Slain by a 15-headed hydra (4 damage)
             ... on level 11 of the Dungeon.
             The game lasted 00:23:03 (9791 turns).

gorblad the Cleaver (Minotaur Fighter)              Turns: 9791, Time: 00:23:03

Health: -3/99      AC: 21    Str: 23    XL:     11   Next: 3%
Magic:  10/10      EV: 11    Int:  5    God:    Dithmenos [**....]
Gold:   311        SH: 12    Dex: 11    Spells: 0 memorised, 10 levels left

rFire  . . .     SeeInvis .     y - +2 war axe (venom)
rCold  . . .     Clarity  +     N - +1 plate armour
rNeg   . . .     SustAt   .     c - +0 shield
rPois  .         Gourm    .     (helmet restricted)
rElec  .         Spirit   .     q - +1 cloak
rCorr  .         Warding  .     V - +0 pair of gloves
rMut   .         Stasis   .     G - +0 pair of boots
MR     .....                    M - amulet of clarity
Stlth  ..........               A - +4 ring of slaying
                                s - +3 ring of evasion

@: wreathed by umbra, not resistant to hostile enchantments, extremely
unstealthy
A: retaliatory headbutt, horns 2
a: Shadow Step, Renounce Religion


You were on level 11 of the Dungeon.
You worshipped Dithmenos.
Dithmenos was pleased with you.
You were not hungry.

You visited 2 branches of the dungeon, and saw 12 of its levels.

You collected 441 gold pieces.
You spent 130 gold pieces at shops.

Inventory:

Hand Weapons
 a - a +0 war axe
 y - a +2 war axe of venom (weapon)
Armour
 b - a +0 scale mail
 c - a +0 shield (worn)
 q - a +1 cloak (worn)
 G - a +0 pair of boots (worn)
 N - a +1 plate armour (worn)
 V - a +0 pair of gloves (worn)
Jewellery
 s - a +3 ring of evasion (left hand)
 u - an uncursed ring of magical power
 x - an uncursed ring of wizardry
 A - a +4 ring of slaying (right hand)
 C - an uncursed amulet of resist mutation
 I - an uncursed ring of positive energy
 M - an amulet of clarity (around neck)
 P - an uncursed ring of protection from fire
 U - an uncursed ring of ice {unknown}
Wands
 g - a wand of confusion (48)
 w - a wand of disintegration (12)
 H - a wand of cold (3)
 O - a wand of polymorph (9)
Scrolls
 j - 4 scrolls of fear
 z - a scroll of remove curse
 F - 2 scrolls of magic mapping
 Q - 2 scrolls of teleportation
 R - 3 scrolls of fog
Potions
 d - 2 potions of might
 h - a potion of heal wounds
 i - a potion of mutation
 l - 2 potions of curing
 o - a potion of cure mutation
 t - a potion of haste
 J - a potion of flight {unknown}
 S - a potion of agility {unknown}
Books
 r - a book of Conjurations

   Spells                             Type                      Level
   a - Magic Dart                     Conjuration                  1
   b - Searing Ray                    Conjuration                  2
   c - Dazzling Spray                 Conjuration/Hexes            3
   d - Fulminant Prism                Conjuration/Hexes            4
   e - Iskenderun's Mystic Blast      Conjuration                  4
   f - Iskenderun's Battlesphere      Conjuration/Charms           5
 v - a book of Unlife

   Spells                             Type                      Level
   a - Recall                         Summoning/Translocation      3
   b - Animate Dead                   Necromancy                   4
   c - Control Undead                 Necromancy                   4
   d - Cigotuvi's Embrace             Necromancy                   5
   e - Death Channel                  Necromancy                   6
   f - Simulacrum                     Ice/Necromancy               6
 B - a book of Ice

   Spells                             Type                      Level
   a - Ice Form                       Ice/Transmutation            4
   b - Metabolic Englaciation         Hexes/Ice                    5
   c - Ozocubu's Refrigeration        Ice                          6
   d - Bolt of Cold                   Conjuration/Ice              6
   e - Freezing Cloud                 Conjuration/Ice/Air          6
   f - Simulacrum                     Ice/Necromancy               6
 E - a book of Minor Magic

   Spells                             Type                      Level
   a - Magic Dart                     Conjuration                  1
   b - Blink                          Translocation                2
   c - Call Imp                       Summoning                    2
   d - Repel Missiles                 Charms/Air                   2
   e - Slow                           Hexes                        2
   f - Conjure Flame                  Conjuration/Fire             3
   g - Mephitic Cloud                 Conjuration/Poison/Air       3
 T - a book of the Sky

   Spells                             Type                      Level
   a - Summon Lightning Spire         Summoning/Air                4
   b - Airstrike                      Air                          4
   c - Silence                        Hexes/Air                    5
   d - Deflect Missiles               Charms/Air                   6
   e - Conjure Ball Lightning         Conjuration/Air              6
   f - Tornado                        Air                          9
Comestibles
 e - 8 bread rations
 f - 6 meat rations
 k - a slice of pizza
 m - 2 royal jellies
 n - 2 beef jerkies
 p - 21 fruits
 D - 14 chunks of flesh


   Skills:
 + Level 9.7 Fighting
 + Level 10.7 Axes
 + Level 10.5 Armour
 + Level 6.0 Dodging
 + Level 1.5 Stealth
 + Level 9.4 Shields


You had 10 spell levels left.
You didn't know any spells.

Dungeon Overview and Level Annotations

Branches:
Dungeon (11/15)            Temple (1/1) D:4            Lair (0/8) D:10
    Orc: D:9-12

Altars:
Ashenzari
Cheibriados
Dithmenos
Elyvilon
Fedhas
Gozag
Kikubaaqudgha
Makhleb
Nemelex Xobeh
Okawaru
Qazlal
Ru
Sif Muna
Trog
Vehumet
Xom
Yredelemnul
Zin
The Shining One

Shops:
D:7 !   D:8 !


Innate Abilities, Weirdness & Mutations

You reflexively headbutt those who attack you in melee.
You have a pair of horns on your head.


Message History

The 15-headed hydra bites you but does no damage. x2
The 15-headed hydra completely misses you.
The 15-headed hydra bites you.
* * * LOW HITPOINT WARNING * * *
You are too injured to fight recklessly!
You hit the 15-headed hydra.
The 15-headed hydra is almost dead.
You block the 15-headed hydra's attack.
The 15-headed hydra bites you but does no damage. x2
You block the 15-headed hydra's attack. The 15-headed hydra barely misses you.
The 15-headed hydra barely misses you.
The 15-headed hydra bites you but does no damage.
The 15-headed hydra bites you.
* * * LOW HITPOINT WARNING * * *
The 15-headed hydra bites you but does no damage. x2
The 15-headed hydra bites you!
* * * LOW HITPOINT WARNING * * *
The 15-headed hydra bites you but does no damage. x2
The 15-headed hydra bites you.
You die...

≈. #...##..#.### .......
#...+...#....
.......#####...###..####
.≈≈.....................
..≈...##..........#..###
=.................##>##
......................##
......†.................
.≈....D@.#####..........
≈≈.......# #######....
.≈....#### #.... ......
#.... ..### ##### .


You could see a 15-headed hydra.

Vanquished Creatures
  An unseen horror (D:7)
  Pikel (D:7)
  A hill giant (D:11)
  A two-headed ogre (D:8)
  A troll (D:9)
  A wraith (D:11)
  6 yaks (D:11)
  Eustachio (D:6)
  A wyvern (D:11)
  2 hungry ghosts
  3 wargs (D:10)
  A soldier ant (D:9)
  2 water moccasins
  The ghost of gorblad the Ducker, an amateur TrFi (D:3)
  3 orc warriors
  2 phantoms
  A sky beast (D:9)
  4 centaurs
  A wasp (D:9)
  2 ice beasts
  4 ogres
  3 giant frogs
  2 scorpions
  8 wights (D:6)
  4 killer bees (D:10)
  2 crimson imps
  2 centaur zombies
  A quasit (D:10)
  3 iguanas
  3 jellies
  6 orc priests
  6 hounds
  12 orc wizards
  A centaur skeleton (D:9)
  6 worker ants
  A killer bee zombie (D:8)
  A hound zombie (D:11)
  A hound skeleton (D:4)
  2 worker ant zombies
  11 adders
  9 gnolls
  2 shadow imps
  An ooze (D:1)
  2 worms
  2 adder skeletons
  3 giant geckos
  46 orcs
  2 bats
  4 giant cockroaches
  7 hobgoblins
  6 jackals
  11 kobolds
  8 quokkas
  5 ball pythons
  A giant cockroach zombie (D:5)
  5 giant newts
  8 goblins
  A quokka skeleton (D:8)
  7 rats
245 creatures vanquished.

Vanquished Creatures (others)
  2 slaves (D:7)
  An ogre (D:7)
3 creatures vanquished.

Grand Total: 248 creatures vanquished

Notes
Turn   | Place    | Note
--------------------------------------------------------------
     0 | D:1      | gorblad the Minotaur Fighter began the quest for the Orb.
     0 | D:1      | Reached XP level 1. HP: 19/19 MP: 0/0
   151 | D:1      | Reached XP level 2. HP: 25/27 MP: 1/1
   312 | D:1      | Reached skill level 4 in Shields
   631 | D:2      | Reached XP level 3. HP: 23/33 MP: 2/2
   639 | D:2      | Found a sacrificial altar of Ru.
  1423 | D:3      | Noticed gorblad's ghost (amateur TrFi)
  1431 | D:3      | Killed gorblad's ghost
  1431 | D:3      | Reached skill level 1 in Dodging
  1431 | D:3      | Reached XP level 4. HP: 22/41 MP: 3/3
  1431 | D:3      | Reached XP level 5. HP: 25/47 MP: 4/4
  1929 | D:3      | Reached skill level 5 in Fighting
  2076 | D:3      | Reached skill level 5 in Armour
  2086 | D:3      | Reached XP level 6. HP: 5/56 MP: 5/5
  2093 | D:3      | HP: 1/56 [orc wizard/magic dart (6)]
  2661 | D:3      | Found a white marble altar of Elyvilon.
  2667 | D:3      | Found a burning altar of Makhleb.
  2770 | D:3      | Reached skill level 5 in Shields
  3498 | D:4      | Reached XP level 7. HP: 59/61 MP: 6/6
  3801 | D:4      | Found a staircase to the Ecumenical Temple.
  3827 | Temple   | Entered the Ecumenical Temple
  4179 | D:5      | Entered Level 5 of the Dungeon
  4304 | D:5      | Reached skill level 1 in Stealth
  4414 | D:5      | Reached skill level 5 in Axes
  5034 | D:6      | Reached skill level 6 in Armour
  5141 | D:6      | Reached XP level 8. HP: 64/70 MP: 7/7
  5257 | D:6      | Noticed Eustachio
  5280 | D:6      | Killed Eustachio
  5599 | D:6      | Reached skill level 7 in Axes
  5599 | D:6      | Reached skill level 5 in Dodging
  5939 | D:6      | Reached XP level 9. HP: 71/79 MP: 8/8
  6306 | D:7      | Noticed Pikel
  6315 | D:7      | Killed Pikel
  6315 | D:7      | Reached skill level 8 in Axes
  6400 | D:7      | Killed an unseen horror
  6648 | D:7      | Found Velaat's Distillery.
  6654 | D:7      | Bought a potion of heal wounds for 65 gold pieces
  6654 | D:7      | Bought a potion of heal wounds for 65 gold pieces
  6769 | D:7      | Found a radiant altar of Vehumet.
  7256 | D:8      | Reached skill level 9 in Armour
  7296 | D:8      | Found a shadowy altar of Dithmenos.
  7337 | D:8      | Became a worshipper of Dithmenos the Shadowed
  7371 | D:8      | Found an iron altar of Okawaru.
  7423 | D:8      | Reached XP level 10. HP: 88/88 MP: 9/9
  7729 | D:8      | Found Nirr's Distillery.
  7865 | D:8      | Found a blossoming altar of Fedhas.
  8619 | D:9      | Found a shimmering altar of Xom.
  8672 | D:10     | Entered Level 10 of the Dungeon
  8677 | D:10     | Gained mutation: Your mind is acute. (Int +2) [potion of mutation]
  8677 | D:10     | Gained mutation: You have a somewhat thin skeletal structure (Dex +2, Stealth). [potion of mutation]
  8677 | D:10     | Gained mutation: You can spit weak poison. [potion of mutation]
  8678 | D:10     | Lost mutation: Your mind is acute. (Int +2) [potion of cure mutation]
  8678 | D:10     | Lost mutation: You have a somewhat thin skeletal structure (Dex +2, Stealth). [potion of cure mutation]
  8678 | D:10     | Lost mutation: You can spit weak poison. [potion of cure mutation]
  8694 | D:10     | Reached skill level 10 in Armour
  8694 | D:10     | Reached * piety under Dithmenos
  8697 | D:10     | Found a staircase to the Lair.
  9519 | D:11     | Reached skill level 10 in Axes
  9583 | D:11     | Noticed a hill giant
  9593 | D:11     | Killed a hill giant
  9600 | D:11     | Reached XP level 11. HP: 71/99 MP: 10/10
  9749 | D:11     | Reached ** piety under Dithmenos
  9767 | D:11     | Noticed a five-headed hydra
  9791 | D:11     | HP: 1/99 [15-headed hydra (10)]
  9791 | D:11     | Slain by a 15-headed hydra

Action                   |  1- 3 |  4- 6 |  7- 9 | 10-12 || total
-------------------------+-------+-------+-------+-------++-------
Melee: War axe           |    84 |   118 |   235 |   147 ||   584
  Use: Scroll            |     4 |     4 |     6 |     5 ||    19
       Potion            |       |     3 |       |    15 ||    18
 Stab: Invisible         |       |       |       |     1 ||     1
  Eat: Chunk             |     2 |     6 |    10 |     7 ||    25
       Meat ration       |       |       |     1 |       ||     1
       Fruit             |       |       |       |     3 ||     3
